 Dungeon Crawl Stone Soup version 0.24.0-123-gd5b16e6ec5 (webtiles) character file.

Game seed: 572717991211381445, levelgen mode: deterministic

7046 Descartes the Covert (level 10, -15/45 HPs)
             Began as a Spriggan Wizard on Jan 7, 2020.
             Was an Initiate of Gozag.
             Demolished by a two-headed ogre
             ... wielding a +0 giant club
              (20 damage)
             ... on level 9 of the Dungeon.
             The game lasted 00:59:29 (19149 turns).

Descartes the Covert (Spriggan Wizard)             Turns: 19149, Time: 00:59:31

Health: -15/45     AC:  9    Str:  3    XL:     10   Next: 83%
Magic:  11/23      EV: 24    Int: 23    God:    Gozag
Gold:   920        SH:  4    Dex: 15    Spells: 13/25 levels left

rFire    . . .     SeeInvis +   a - +2 dagger (venom)
rCold    . . .     Gourm    .   (shield restricted)
rNeg     . . .     Faith    .   f - +0 robe
rPois    .         Spirit   .   g - +0 hat
rElec    .         Reflect  .   l - +0 cloak
rCorr    .         Harm     .   (gloves unavailable)
MR       +....     Clarity  +   (boots unavailable)
Stlth    ++++......             (no amulet)
HPRegen  0.15/turn              t - +5 ring of protection
MPRegen  0.18/turn              (no ring)

@: very quick
A: very small, unfitting armour, large bone plates 1, rugged brown scales 1, see
invisible, clarity, herbivore, speed 3, slow metabolism 2
a: Potion Petition, Call Merchant, Bribe Branch, Renounce Religion


You were on level 9 of the Dungeon.
You worshipped Gozag.
Gozag was pleased with you.
You were near starving.

You visited 2 branches of the dungeon, and saw 11 of its levels.

You collected 1043 gold pieces.
You paid 123 gold pieces to Gozag.

Inventory:

Hand Weapons
 a - a +2 dagger of venom (weapon)
 b - a +0 hunting sling
 p - a +1 vampiric dagger
 H - a +3 dagger
Missiles
 c - 191 stones (quivered)
 e - 135 poisoned darts
 j - 185 arrows
 q - 86 sling bullets
 x - 6 javelins
 C - 25 bolts
 F - 6 boomerangs
 N - a throwing net
 P - 7 atropa-tipped darts
Armour
 f - a +0 robe (worn)
 g - a +0 hat (worn)
 l - a +0 cloak (worn)
Magical Staves
 L - an uncursed staff of death
 Q - an uncursed staff of air
Jewellery
 t - a +5 ring of protection (left hand)
 I - the ring "Coxas" {MR+ Str-3 SInv}
   (You found it on level 6 of the Dungeon)

   [ring of strength]

   It affects your strength (-3).
   It affects your resistance to hostile enchantments.
   It lets you see invisible.
 O - an uncursed ring of protection from fire {unknown}
Wands
 y - a wand of digging (1)
 D - a wand of random effects (25)
 G - a wand of acid (11)
 R - a wand of enslavement (3)
Scrolls
 h - 2 scrolls of blinking {unknown}
 i - 3 scrolls of enchant armour {unknown}
 k - 4 scrolls of magic mapping
 m - 4 scrolls of identify
 n - 2 scrolls of amnesia {unknown}
 r - 5 scrolls of remove curse
 u - 4 scrolls of enchant weapon {unknown}
 v - 3 scrolls of teleportation
 E - 4 scrolls of random uselessness {unknown}
 M - a scroll of immolation {unknown}
Potions
 o - 2 potions of cancellation
 s - 2 potions of lignification
 w - a potion of brilliance
 z - 3 potions of curing
 A - a potion of mutation
 B - a potion of invisibility
 J - a potion of heal wounds
 K - a potion of flight
 S - 2 potions of magic {unknown}
Comestibles
 d - 10 rations


   Skills:
 + Level 2.1 Staves
 + Level 8.8 Dodging
 + Level 9.6 Stealth
 + Level 8.1 Spellcasting
 * Level 6.4 Conjurations
 - Level 4.0 Hexes
 - Level 4.1 Charms
   Level 0.7 Summonings
 - Level 5.0 Translocations
 - Level 4.0 Fire Magic
 - Level 2.0 Air Magic
 - Level 2.0 Poison Magic
 + Level 6.4 Evocations


You had 13 spell levels left.
You knew the following spells:

 Your Spells              Type           Power        Failure   Level  Hunger
a - Magic Dart            Conj           ####         1%          1    None
b - Blink                 Tloc           N/A          1%          2    None
c - Conjure Flame         Conj/Fire      ####....     2%          3    None
d - Mephitic Cloud        Conj/Pois/Air  ####....     4%          3    None
e - Spectral Weapon       Hex/Chrm       ####....     3%          3    None

Your spell library contained the following spells:

 Spells                   Type           Power        Failure   Level  Hunger
 Infusion                 Chrm           ####         1%          1    None
 Shroud of Golubria       Chrm/Tloc      ####..       1%          2    None
 Slow                     Hex            ####....     1%          2    None
 Song of Slaying          Chrm           ####....     1%          2    None
 Animate Skeleton         Necr           N/A          7%          1    None
 Pain                     Necr           #...         7%          1    None
 Call Imp                 Summ           ##......     8%          2    None
 Regeneration             Chrm/Necr      ###.......   9%          3    None
 Vampiric Draining        Necr           #.........   21%         3    None
 Animate Dead             Necr           N/A          56%         4    ###....


Dungeon Overview and Level Annotations

Branches:
Dungeon (10/15)            Temple (1/1) D:6
   Lair: D:8-11         Orc: D:9-12

Altars:
Ashenzari
Cheibriados
Dithmenos
Elyvilon
Fedhas
Gozag
Hepliaklqana
Kikubaaqudgha
Makhleb
Nemelex Xobeh
Okawaru
Qazlal
Ru
Sif Muna
Trog
Uskayaw
Vehumet
Wu Jian
Xom
Yredelemnul
Zin
The Shining One

Annotations:
D:9 2 transporters, FishyPogo's ghost, novice GnSk


Innate Abilities, Weirdness & Mutations

You are very small and have problems with some larger weapons.
You are too small for most types of armour.
You have supernaturally acute eyesight. (SInv)
You are a herbivore.
You cover ground extremely quickly.
You need to consume almost no food.
You are partially covered in large bone plates. (SH +4)
You are partially covered in rugged brown scales. (AC +1, +3% HP)
You possess an exceptional clarity of mind.


Message History

Aiming: Conjure Flame (safe; 2% risk of failure)
Press: ? - help, Dir - move target cursor, p - killer bee The fire ignites!
Casting: Conjure Flame (safe; 2% risk of failure)
Confirm with . or Enter, or press ? or * to list all spells.
Aiming: Conjure Flame (safe; 2% risk of failure)
Press: ? - help, Dir - move target cursor The fire ignites!
The two-headed ogre is engulfed in blazing flames.
Casting: Conjure Flame (safe; 2% risk of failure)
Confirm with . or Enter, or press ? or * to list all spells.
Aiming: Conjure Flame (safe; 2% risk of failure)
Press: ? - help, Dir - move target cursor The fire ignites!
The two-headed ogre is engulfed in blazing flames. x2
The two-headed ogre hits you with a +0 giant club!
* * * LOW HITPOINT WARNING * * *
The two-headed ogre hits you with a +0 giant club!!
You die...
Your body crumbles into a pile of gold.

..##.# ##### #.#
..##.# #...# #.#
..##.#######.#####.#
..##...#.....#.....#
..####.#.##[.#.##..#
..##.#...##....#...#
..#........)..<...##
............####.##
..#......#######@#
..#.........y§§O.#
..#......#########
..#......#
.........#
......O..#
.........#
.........#
..#..#####


You could see a two-headed ogre and a killer bee.

Vanquished Creatures
  Harold (D:7)
  Maurice (D:8)
  2 trolls (D:8)
  Grinder (D:3)
  2 hippogriffs
  Sigmund (D:3)
  2 wyverns
  A hungry ghost (D:9)
  Menkaure (D:5)
  Edmund (D:6)
  Duvessa (D:6)
  A water moccasin (D:9)
  An ice beast (D:9)
  2 phantoms
  2 orc warriors (D:8)
  3 sky beasts
  A black bear (D:9)
  2 necrophages (D:9)
  6 ogres
  2 centaurs
  A big kobold (D:9)
  3 bullfrogs
  A gnoll sergeant (D:7)
  Dowan (D:6)
  A wyvern skeleton (D:8)
  A scorpion (D:7)
  7 killer bees
  5 wights (D:6)
  4 howler monkeys (D:8)
  4 crimson imps
  A bullfrog zombie (D:6)
  2 jellies (D:6)
  A centaur skeleton (D:4)
  2 bullfrog skeletons
  7 hounds
  4 orc priests
  An iguana (D:4)
  Terence (D:2)
  2 orc wizards
  7 worker ants
  A worker ant zombie (D:8)
  Robin (D:2)
  7 adders
  11 gnolls
  A shadow imp (D:8)
  3 oozes
  An adder skeleton (D:4)
  2 dart slugs
  4 worms
  5 leopard geckos
  23 orcs
  2 ball pythons
  5 bats
  3 giant cockroaches (D:1)
  18 goblins
  9 hobgoblins
  17 jackals
  7 kobolds
  6 quokkas
  6 frilled lizards
  A jackal zombie (D:7)
  A leopard gecko skeleton (D:6)
  3 rats
  A spectral orc (D:3)
228 creatures vanquished.

Vanquished Creatures (others)
  A spectral weapon (D:7)
1 creature vanquished.

Grand Total: 229 creatures vanquished

Notes
Turn   | Place    | Note
-------+----------+-------------------------------------------
     0 | D:1      | Descartes the Spriggan Wizard began the quest for the Orb.
     0 | D:1      | Reached XP level 1. HP: 9/9 MP: 6/6
   226 | D:1      | Reached skill level 1 in Conjurations
   270 | D:1      | Reached XP level 2. HP: 13/13 MP: 4/8
   839 | D:1      | Learned a level 2 spell: Blink
   929 | D:1      | Reached XP level 3. HP: 13/16 MP: 1/9
  1772 | D:2      | Learned a level 3 spell: Conjure Flame
  1776 | D:2      | Learned a level 3 spell: Mephitic Cloud
  2017 | D:2      | Found a sparkling altar of Nemelex Xobeh.
  2302 | D:2      | Reached XP level 4. HP: 11/21 MP: 5/11
  2464 | D:2      | Reached skill level 4 in Stealth
  2562 | D:2      | Noticed Robin
  2805 | D:2      | Noticed Terence
  2863 | D:2      | Killed Terence
  3039 | D:2      | Found a hazy altar of Hepliaklqana.
  3062 | D:2      | Killed Robin
  3448 | D:3      | Noticed Sigmund
  3454 | D:3      | Reached XP level 5. HP: 24/24 MP: 8/13
  3550 | D:3      | Killed Sigmund
  3550 | D:3      | Reached skill level 5 in Spellcasting
  3550 | D:3      | Reached skill level 1 in Fire Magic
  3550 | D:3      | Reached XP level 6. HP: 22/28 MP: 0/14
  3713 | D:3      | Found a shadowy altar of Dithmenos.
  3844 | D:3      | Reached skill level 5 in Stealth
  3934 | D:3      | Noticed Grinder
  3985 | D:3      | Killed Grinder
  3985 | D:3      | Reached skill level 5 in Dodging
  3985 | D:3      | Reached XP level 7. HP: 14/32 MP: 2/15
  4420 | D:3      | Found a glowing golden altar of the Shining One.
  4656 | D:3      | Found a basalt altar of Yredelemnul.
  5710 | D:5      | Entered Level 5 of the Dungeon
  5752 | D:5      | Reached skill level 6 in Stealth
  5854 | D:5      | Learned a level 3 spell: Spectral Weapon
  5950 | D:5      | Noticed Menkaure
  6175 | D:5      | Reached skill level 1 in Evocations
  6420 | D:5      | Reached XP level 8. HP: 36/36 MP: 9/17
  6581 | D:5      | Reached skill level 1 in Air Magic
  6581 | D:5      | Reached skill level 1 in Poison Magic
  7024 | D:6      | Noticed Edmund
  7055 | D:6      | Noticed Dowan
  7121 | D:6      | Killed Edmund
  7291 | D:6      | Reached skill level 5 in Translocations
  7979 | D:6      | Reached skill level 7 in Stealth
  8330 | D:6      | Reached XP level 9. HP: 39/39 MP: 13/19
  8596 | D:6      | Killed Dowan
  8714 | D:6      | Got a flickering brass ring
  8727 | D:6      | Noticed Duvessa
  8868 | D:5      | Killed Menkaure
  9051 | D:6      | Killed Duvessa
  9207 | D:6      | Found a staircase to the Ecumenical Temple.
  9216 | Temple   | Entered the Ecumenical Temple
  9505 | D:7      | Noticed Harold
 10174 | D:7      | Reached skill level 1 in Charms
 10542 | D:7      | Reached skill level 1 in Hexes
 10833 | D:6      | Lost strength.
 10833 | D:6      | Identified the cursed ring "Coxas" {MR+ Str-3 SInv} (You
                  | found it on level 6 of the Dungeon)
 10838 | D:6      | Gained mutation: You occasionally shout uncontrollably at
                  | your foes. [potion of mutation]
 10838 | D:6      | Gained mutation: You are partially covered in rugged brown
                  | scales. (AC +1, +3% HP) [potion of mutation]
 10839 | D:6      | Lost mutation: You occasionally shout uncontrollably at
                  | your foes. [potion of mutation]
 10839 | D:6      | Gained mutation: You possess an exceptional clarity of
                  | mind. [potion of mutation]
 10839 | D:6      | Gained mutation: You are partially covered in large bone
                  | plates. (SH +4) [potion of mutation]
 10937 | D:7      | Killed Harold
 10937 | D:7      | Reached skill level 8 in Stealth
 10937 | D:7      | Reached skill level 5 in Conjurations
 11477 | D:7      | Found an opulent altar of Gozag.
 11543 | D:7      | Found a snail-covered altar of Cheibriados.
 11543 | D:7      | Found a blossoming altar of Fedhas.
 11589 | D:7      | Became a worshipper of Gozag Ym Sagoz the Greedy
 11955 | D:7      | Found a glowing silver altar of Zin.
 11957 | D:7      | Found a hide-covered altar of Uskayaw.
 11959 | D:7      | Found an iron altar of Okawaru.
 12584 | D:8      | Reached skill level 5 in Evocations
 12636 | D:8      | Reached XP level 10. HP: 45/45 MP: 15/22
 12972 | D:8      | Noticed Maurice
 13938 | D:8      | Killed Maurice
 13938 | D:8      | Reached skill level 1 in Staves
 14206 | D:8      | Found a white marble altar of Elyvilon.
 14436 | D:8      | HP: 2/45 [orc priest/divine providence (8)]
 16621 | D:8      | Found a white marble altar of Elyvilon.
 17023 | D:9      | Reached skill level 9 in Stealth
 17513 | D:9      | Found a shimmering blue altar of Sif Muna.
 17993 | D:9      | Found a transporter.
 17993 | D:9      | Noticed a cyclops
 17996 | D:9      | Noticed FishyPogo's ghost (novice GnSk)
 17996 | D:9      | Noticed a two-headed ogre
 17998 | D:9      | Found a bloodstained altar of Trog.
 17998 | D:9      | Noticed a moth of wrath
 18021 | D:9      | Found a transporter.
 18157 | D:10     | Entered Level 10 of the Dungeon
 18585 | D:10     | Noticed a cyclops
 19071 | D:10     | Noticed a two-headed ogre
 19149 | D:9      | Demolished by a two-headed ogre

Levels and vault maps discovered:
D:1:      onia_arrival_mini_maze_b, layout_loops_ring
D:2:      layout_rooms, old_standard_altar, nemelex_altar_shiori, uniq_robin,
          uniq_terence
D:3:      layout_loops_ring, yredelemnul_forgotten_temple_becter,
          nicolae_tso_carved_into_rock, nicolae_dithmenos_shadow_blocks,
          st_stairs_13, uniq_grinder, uniq_sigmund
D:4:      layout_rooms, minmay_misc_feat_more_columns
D:5:      layout_basic, first_ration, uniq_menkaure
D:6:      layout_basic, minmay_temple_entry_enclosed_plants, uniq_duvessa,
          uniq_edmund
D:7:      layout_loops_ring, chequers_temple_overflow_minitemple,
          nicolae_gozag_cash_rules_everything_around_me, uniq_harold
D:8:      layout_basic, nicolae_overflow_crystal_walls, uniq_maurice
D:9:      layout_basic, nicolae_overflow_hidden_temple,
          gammafunk_ghost_wrathful_warriors
D:10:     layout_big_octagon, lair_entry_dummy, serial_shops,
          nicolae_shop_behind_doors, serial_gnoll_camp,
          gnoll_camp_mini_doghouse, gnoll_camp_medium_02,
          gnoll_camp_mini_doghouse, gnoll_camp_mini_doghouse,
          gnoll_camp_mini_shop, david_nohive_1, minmay_misc_feat_roman,
          lemuel_old_faithful, uniq_urug
Temple:   cyrus_temple_forest

Skill      XL: |  1  2  3  4  5  6  7  8  9 10 |
---------------+-------------------------------+-----
Conjurations   | 1 2 3 4 5 6 |  6.4
Stealth        | 4 5 6 7 8 9 |  9.6
Translocations | 2 3 4 5 |  5.0
Dodging        | 4 5 6 7 8 |  8.8
Spellcasting   | 5 6 7 8 |  8.1
Fire Magic     | 1 2 3 4 |  4.0
Evocations     | 1 3 5 6 |  6.4
Air Magic      | 2 |  2.0
Poison Magic   | 2 |  2.0
Charms         | 3 4 |  4.1
Hexes          | 2 4 |  4.0
Staves         | 2 |  2.1
Summonings     | |  0.7

Action                   |  1- 3 |  4- 6 |  7- 9 | 10-12 || total
-------------------------+-------+-------+-------+-------++-------
Melee: Dagger            |    66 |    23 |    72 |    83 ||   244
 Fire: Hunting sling     |       |       |   255 |    63 ||   318
 Cast: Magic Dart        |   122 |   115 |   470 |   349 ||  1056
       Conjure Flame     |       |       |    30 |    26 ||    56
       Spectral Weapon   |       |       |     2 |       ||     2
       Blink             |       |       |       |     1 ||     1
Evoke: Wand              |       |       |     2 |       ||     2
  Use: Potion            |     1 |       |     2 |       ||     3
       Scroll            |       |       |    10 |       ||    10
 Stab: Sleeping          |       |       |       |     3 ||     3
       Distracted        |       |       |       |     1 ||     1
  Eat: Ration            |       |       |     4 |     3 ||     7
Armor: Robe              |    15 |     1 |    26 |    31 ||    73
Dodge: Dodged            |    91 |    22 |   157 |   217 ||   487
Block: Other             |       |       |     1 |    28 ||    29
